 Dungeon Crawl Stone Soup version 0.25-a0-566-g062765be81 (webtiles) character file.

Game seed: 4713427149045637074, levelgen mode: deterministic

50253 Flugslaktarn the Severer (level 14, -2/130 HPs)
             Began as a Deep Dwarf Fighter on Feb 28, 2020.
             Was the Champion of Makhleb.
             Slain by a sea snake (4 damage)
             ... on level 4 of the Shoals.
             The game lasted 00:09:56 (10442 turns).

Flugslaktarn the Severer (Deep Dwarf Fighter)      Turns: 10442, Time: 00:09:56

Health: -2/130     AC: 33    Str: 23    XL:     14   Next: 19%
Magic:  5/5        EV:  3    Int: 11    God:    Makhleb [******]
Gold:   606        SH:  0    Dex: 12    Spells: 13/13 levels left

rFire    + + +     SeeInvis .   N - +2 broad axe (flame)
rCold    + . .     Gourm    .   c - +0 kite shield
rNeg     + . .     Faith    .   g - +5 plate armour of Inevitability {rF+}
rPois    .         Spirit   .   A - +0 helmet
rElec    .         Reflect  .   s - scarf {rC+ rF+}
rCorr    .         Harm     .   L - +2 pair of gloves
MR       ++...                  r - +2 pair of boots
Stlth    ..........             l - amulet of the acrobat
HPRegen  0.00/turn              f - ring of protection from fire
MPRegen  0.09/turn              p - +5 ring of protection

@: lethally poisoned (-2 -> -28), afraid, marked, engulfed (cannot breathe),
held, non-regenerating
A: damage resistance, heal wounds, negative energy resistance 1, sense
surroundings 2, no regeneration
a: Heal Wounds, Minor Destruction, Lesser Servant of Makhleb, Major Destruction,
Greater Servant of Makhleb, Renounce Religion


You were on level 4 of the Shoals.
You worshipped Makhleb.
Makhleb was exalted by your worship.
You were not hungry.

You visited 4 branches of the dungeon, and saw 21 of its levels.
You also visited: Volcano.

You collected 766 gold pieces.
You spent 160 gold pieces at shops.

Inventory:

Hand Weapons
 E - a +0 vampiric war axe
   (You found it on level 10 of the Dungeon)
 F - a +1 vorpal broad axe
   (You took it off Maggie on level 6 of the Dungeon)
 N - a +2 broad axe of flaming (weapon)
   (You took it off a hell knight in a volcano)
Armour
 c - a +0 kite shield (worn)
 g - the +5 plate armour of Inevitability (worn) {rF+}
   (You acquired it on level 4 of the Lair of Beasts)

   It protects you from fire.
   If you remove this armour, your AC will decrease by 20 (33 -> 13).
 r - a +2 pair of boots (worn)
   (You found it on level 1 of the Dungeon)
 s - a scarf of resistance (worn)
   (You found it on level 6 of the Dungeon)
 A - a +0 helmet (worn)
   (You found it on level 3 of the Dungeon)
 L - a +2 pair of gloves (worn)
   (You found it on level 1 of the Shoals)
 O - a +2 chain mail of fire resistance
   (You took it off a hell knight in a volcano)
Jewellery
 f - a ring of protection from fire (left hand)
   (You found it on level 5 of the Lair of Beasts)
 i - an uncursed ring of see invisible
   (You found it on level 6 of the Dungeon)
 k - an uncursed ring of resist corrosion
   (You found it on level 8 of the Dungeon)
 l - an amulet of the acrobat (around neck)
   (You found it on level 6 of the Dungeon)
 m - a +6 ring of intelligence {unknown}
   (You found it on level 3 of the Shoals)
 p - a +5 ring of protection (right hand)
   (You found it on level 11 of the Dungeon)
 B - the ring "Maad" {MR+ Dex+2}
   (You found it on level 8 of the Dungeon)

   [ring of protection from magic]

   It affects your dexterity (+2).
   It affects your resistance to hostile enchantments.
Wands
 C - a wand of acid (17)
   (You found it on level 3 of the Dungeon)
 R - a wand of iceblast (16)
   (You found it on level 3 of the Lair of Beasts)
Scrolls
 a - 2 scrolls of immolation
 t - 12 scrolls of teleportation
 y - a scroll of torment
 D - a scroll of blinking {unknown}
 G - 2 scrolls of magic mapping
 I - 7 scrolls of remove curse
Potions
 d - 4 potions of might
 h - 2 potions of haste
 j - 3 potions of brilliance
 n - a potion of resistance
 o - 3 potions of lignification
 q - 2 potions of curing
 u - 2 potions of ambrosia
 v - 2 potions of stabbing
 w - 3 potions of heal wounds
 z - 2 potions of flight
 K - a potion of magic
 P - a potion of berserk rage
Comestibles
 b - 7 chunks of flesh
 e - 36 rations


   Skills:
 - Level 9.9 Fighting
 - Level 15.3 Axes
 - Level 11.6 Armour
 - Level 11.5 Shields
 + Level 13.3 Invocations


You had 13 spell levels left.
You didn't know any spells.
Your spell library was empty.

Dungeon Overview and Level Annotations

Branches:
Dungeon (11/15)            Temple (1/1) D:4            Lair (5/6) D:11
 Shoals (4/4) Lair:4       Spider (0/4) Lair:2        Slime (0/5) Lair:5
    Orc (0/2) D:11        Volcano (visited)

Altars:
Ashenzari
Cheibriados
Dithmenos
Elyvilon
Fedhas
Gozag
Hepliaklqana
Kikubaaqudgha
Makhleb
Nemelex Xobeh
Okawaru
Qazlal
Ru
Sif Muna
Trog
Uskayaw
Vehumet
Wu Jian
Xom
Yredelemnul
Zin
The Shining One

Shops:
D:9 !

Annotations:
D:6 3 runed translucent doors, kae's ghost, novice KoEn
D:7 2 runed translucent doors, Flugslaktarn's ghost, novice DDFi


Innate Abilities, Weirdness & Mutations

You are resistant to damage.
You can heal yourself by infusing magical energy.
You resist negative energy. (rN+)
You passively map the area around you.
You do not regenerate.


Message History

A merfolk siren comes into view. It is wielding a +0 spear.
A snapping turtle comes into view.
The sea snake bites you but does no damage.
You struggle against the net.
* * * LOW HITPOINT WARNING * * *
Your lungs strain for air!
* * * LOW HITPOINT WARNING * * *
You feel very sick.
The faun no longer looks unusually strong.
The merfolk javelineer barely misses you.
A merfolk comes into view. It is wielding a +0 trident.
The merfolk impaler hits you but does no damage.
The faun hits you from afar with a +0 spear.
* * * LOW HITPOINT WARNING * * *
The water elemental hits you. The water elemental barely misses you.
The satyr hits you but does no damage.
The alligator snapping turtle bites you from afar!
* * * LOW HITPOINT WARNING * * *
The sea snake bites you.
You die...

≈PPP.P###....(.≈≈≈.... ,
.≈#..PPPP.m.m.≈≈≈≈t≈≈.P**
≈.##.#P..(..m.c≈≈≈≈##≈###*,
, ......)((m..m..≈HmPPP≈≈≈≈
, ,
......)..(..c...≈PPP≈≈≈.≈
............(...m≈#P≈≈≈≈≈≈
, ,
≈...........(..tcm#≈≈≈=≈≈
≈≈...........k.SEEc≈≈≈≈.. ,
≈≈≈.............@.m≈≈≈...,
≈≈≈≈†)...........≈m.≈≈..P ,
≈
≈≈÷≈≈..<........≈≈P####.#*
≈≈≈≈≈≈≈≈......≈≈≈≈≈≈# ," ≈
≈ ≈≈≈≈≈≈≈≈≈≈t≈≈≈≈≈≈≈≈≈≈≈ ≈
≈ ≈
≈≈≈≈≈≈≈≈≈≈≈≈≈≈≈≈≈≈≈≈≈≈≈≈ ≈≈
≈≈≈≈≈≈≈≈≈≈≈≈≈≈≈≈≈≈≈≈≈≈≈≈
≈≈≈ ≈
≈≈≈≈≈≈≈≈≈m≈≈≈≈≈≈≈≈≈≈≈≈≈≈ ≈
≈≈≈≈≈≈≈≈≈≈≈≈≈≈≈ ≈≈≈ ≈ ≈ ≈


You could see an alligator snapping turtle, 5 merfolk impalers, a merfolk
javelineer, a satyr, a sea snake, a merfolk aquamancer, 2 snapping turtles, a
wind drake, 3 merfolk, 3 fauns, a manticore, 2 water elementals and a merfolk
siren.

Vanquished Creatures
  A merfolk impaler (Shoals:1)
  A hydra (Lair:4)
  A centaur warrior (Volcano)
  2 satyrs
  A hell knight (Volcano)
  5 sea snakes
  5 lindwurms
  Pikel (D:9)
  3 harpies (Shoals:1)
  2 manticores
  9 fauns
  An ugly thing (D:9)
  2 cyclopes
  16 elephants
  4 merfolk sirens
  Psyche (D:9)
  4 spiny frogs
  3 water nymphs
  A gargoyle (D:11)
  Maggie (D:6)
  A rime drake (Lair:5)
  2 yaktaurs (Volcano)
  4 komodo dragons
  A polar bear (Lair:5)
  6 merfolk (Shoals:1)
  3 wind drakes (Shoals:1)
  A hornet (Lair:2)
  6 dream sheep (Lair:4)
  8 blink frogs
  A slime creature (D:8)
  10 hippogriffs
  A snapping turtle (Shoals:1)
  A shadow (D:6)
  A spriggan (D:7)
  20 yaks
  A wyvern (Lair:4)
  Eustachio (D:6)
  5 fire bats (Volcano)
  5 water elementals
  2 basilisks
  A hungry ghost (D:11)
  6 water moccasins
  9 porcupines
  4 orc warriors
  3 black bears
  2 slaves (D:9)
  3 ice beasts
  A sky beast (D:5)
  A hornet zombie (D:10)
  A phantom (D:4)
  A necrophage (D:10)
  6 centaurs
  5 ogres
  5 crocodiles
  5 wolves (Lair:3)
  10 bullfrogs
  A big kobold (D:10)
  A wyvern skeleton (D:8)
  A water moccasin zombie (D:9)
  5 scorpions
  9 killer bees
  4 wights
  2 howler monkeys
  2 electric eels (D:7)
  3 crimson imps
  2 centaur zombies
  5 lava snakes (Volcano)
  A quasit (D:10)
  A centaur skeleton (D:5)
  4 hounds
  An orc priest (D:4)
  2 jellies
  9 orc wizards
  An iguana (D:5)
  Ijyb (D:5)
  15 worker ants
  A killer bee zombie (D:7)
  A hound zombie (D:8)
  A hound skeleton (D:5)
  3 worker ant zombies (D:5)
  4 adders
  3 shadow imps
  An ooze (D:6)
  An adder skeleton (D:9)
  2 worms
  A leopard gecko (D:8)
  30 orcs
  7 giant cockroaches
  4 goblins
  9 hobgoblins
  7 jackals
  7 kobolds
  3 quokkas
  2 bats (D:1)
  3 frilled lizards
  A jackal zombie (D:9)
  A leopard gecko skeleton (D:8)
  2 quokka skeletons
  3 rats
  7 plants
381 creatures vanquished.

Vanquished Creatures (collateral kills)
  Louise (Shoals:1)
  A merfolk javelineer (Shoals:1)
  A merfolk avatar (Shoals:1)
  3 fauns (Shoals:1)
  A merfolk siren (Shoals:1)
  3 dream sheep (Shoals:1)
10 creatures vanquished.

Vanquished Creatures (others)
  A merfolk aquamancer (Shoals:1)
  A centaur (Volcano)
  A bush (D:11)
  3 fungi
  24 plants
30 creatures vanquished.

Grand Total: 421 creatures vanquished

Notes
Turn   | Place    | Note
-------+----------+-------------------------------------------
     0 | D:1      | Flugslaktarn the Deep Dwarf Fighter began the quest for the
                  | Orb.
     0 | D:1      | Reached XP level 1. HP: 20/20 MP: 1/1
    93 | D:1      | Reached XP level 2. HP: 27/27 MP: 2/2
   311 | D:3      | Reached skill level 3 in Axes
   421 | D:3      | Reached XP level 3. HP: 28/33 MP: 3/3
   518 | D:4      | Noticed a phantom
   520 | D:4      | Reached XP level 4. HP: 40/42 MP: 4/4
   537 | D:4      | Killed a phantom
   537 | D:4      | Reached skill level 4 in Axes
   537 | D:4      | Reached XP level 5. HP: 39/49 MP: 5/5
   539 | D:4      | Found a staircase to the Ecumenical Temple.
   580 | Temple   | Entered the Ecumenical Temple
   692 | Temple   | Became a worshipper of Makhleb the Destroyer
   975 | D:4      | Found a glowing golden altar of the Shining One.
  1313 | D:5      | Entered Level 5 of the Dungeon
  1313 | D:5      | Noticed a sky beast
  1321 | D:5      | Reached skill level 1 in Invocations
  1323 | D:5      | Reached XP level 6. HP: 22/56 MP: 5/7
  1486 | D:5      | Reached skill level 5 in Axes
  1505 | D:5      | Killed a sky beast
  1505 | D:5      | Reached XP level 7. HP: 45/63 MP: 8/8
  1577 | D:5      | Found a snail-covered altar of Cheibriados.
  1741 | D:5      | Reached * piety under Makhleb
  1924 | D:5      | Reached skill level 5 in Armour
  1924 | D:5      | Reached skill level 5 in Shields
  1962 | D:5      | Reached skill level 6 in Axes
  2042 | D:5      | Noticed Ijyb
  2060 | D:5      | Killed Ijyb
  2270 | D:6      | Noticed a shadow
  2282 | D:6      | Reached XP level 8. HP: 35/73 MP: 4/4
  2327 | D:6      | Reached skill level 7 in Axes
  2626 | D:6      | Found a runed translucent gate.
  2627 | D:6      | Found a runed translucent gate.
  2628 | D:6      | Found a runed translucent gate.
  2651 | D:6      | Noticed Maggie
  2678 | D:6      | Reached skill level 5 in Invocations
  2689 | D:6      | Killed Maggie
  2689 | D:6      | Reached skill level 5 in Fighting
  2748 | D:6      | Gained mutation: You passively map the area around you.
                  | [Deep Dwarf growth]
  2748 | D:6      | Reached XP level 9. HP: 64/81 MP: 5/5
  2759 | D:6      | Reached skill level 8 in Axes
  2901 | D:6      | Noticed Eustachio
  2908 | D:6      | Killed Eustachio
  2942 | D:6      | Reached ** piety under Makhleb
  2986 | D:6      | Noticed kae's ghost (novice KoEn)
  3685 | D:7      | Found a large runed translucent door.
  3685 | D:7      | Found a large runed translucent door.
  3735 | D:7      | Noticed Flugslaktarn's ghost (novice DDFi)
  3840 | D:7      | Reached skill level 9 in Axes
  4267 | D:8      | Reached XP level 10. HP: 71/91 MP: 5/5
  4372 | D:8      | Got a scintillating lapis lazuli ring
  4534 | D:8      | Noticed a cyclops
  4545 | D:8      | Killed a cyclops
  4545 | D:8      | Reached *** piety under Makhleb
  4974 | D:9      | Found a shattered altar of Ashenzari.
  4980 | D:9      | Found Qurulin's Distillery.
  4985 | D:9      | Bought a potion of resistance for 160 gold pieces
  4988 | D:9      | Identified the ring "Maad" {MR+ Dex+2} (You found it on
                  | level 8 of the Dungeon)
  5011 | D:9      | Reached skill level 10 in Axes
  5370 | D:9      | Noticed Psyche
  5386 | D:9      | Killed Psyche
  5507 | D:9      | Noticed a red ugly thing
  5521 | D:9      | Killed a red ugly thing
  5521 | D:9      | Reached skill level 11 in Axes
  5584 | D:9      | Noticed Pikel
  5608 | D:9      | Killed Pikel
  5608 | D:9      | Reached XP level 11. HP: 56/100 MP: 6/6
  5758 | D:10     | Entered Level 10 of the Dungeon
  6422 | D:11     | Reached **** piety under Makhleb
  6452 | D:11     | Found a staircase to the Lair.
  6639 | Lair:1   | Entered Level 1 of the Lair of Beasts
  6790 | Lair:1   | Reached skill level 12 in Axes
  6950 | Lair:2   | Found a hole to the Spider Nest.
  6962 | Lair:2   | Paralysed by a hornet for 1 turns
  6995 | Lair:2   | Reached ***** piety under Makhleb
  7610 | Lair:3   | Reached XP level 12. HP: 76/110 MP: 7/7
  7627 | Lair:3   | Reached skill level 13 in Axes
  7676 | Lair:3   | Found a dark tunnel.
  7696 | Lair:3   | Reached skill level 10 in Armour
  7718 | Volcano  | Entered a volcano
  7786 | Volcano  | Reached skill level 10 in Shields
  7829 | Volcano  | Noticed a centaur warrior
  7844 | Volcano  | Killed a centaur warrior
  7880 | Volcano  | Found a burning altar of Makhleb.
  7914 | Volcano  | Found a burning altar of Makhleb.
  8269 | Lair:3   | Reached skill level 14 in Axes
  8848 | Lair:4   | Found a burning altar of Makhleb.
  8886 | Lair:4   | Noticed a seven-headed hydra
  8895 | Lair:4   | Killed a two-headed hydra
  9024 | Lair:4   | Found a staircase to the Shoals.
  9030 | Lair:4   | Reached XP level 13. HP: 121/121 MP: 7/7
  9159 | Lair:4   | Identified a scroll of acquirement
  9161 | Lair:4   | Identified the +8 broad axe of Xegium {protect, rPois} (You
                  | acquired it on level 4 of the Lair of Beasts)
  9161 | Lair:4   | Identified the +5 plate armour of Inevitability {rF+} (You
                  | acquired it on level 4 of the Lair of Beasts)
  9521 | Lair:5   | Found a staircase to the Slime Pits.
  9621 | Shoals:1 | Entered Level 1 of the Shoals
  9660 | Shoals:1 | Reached skill level 15 in Axes
  9765 | Shoals:1 | Noticed a merfolk impaler
  9786 | Shoals:1 | Killed a merfolk impaler
 10048 | Shoals:1 | Reached skill level 10 in Invocations
 10077 | Shoals:1 | Reached ****** piety under Makhleb
 10128 | Shoals:1 | Noticed Louise
 10162 | Shoals:1 | Noticed a merfolk javelineer
 10180 | Shoals:1 | Killed Louise
 10188 | Shoals:1 | Killed a merfolk javelineer
 10188 | Shoals:1 | Gained mutation: You resist negative energy. (rN+) [Deep
                  | Dwarf growth]
 10188 | Shoals:1 | Reached XP level 14. HP: 90/130 MP: 7/7
 10306 | Shoals:4 | Entered Level 4 of the Shoals
 10442 | Shoals:4 | HP: 2/130 [alligator snapping turtle (12)]
 10442 | Shoals:4 | Slain by a sea snake

Levels and vault maps discovered:
D:1:      mushboom_english_gardens, layout_rooms, minmay_3d_cube
D:2:      layout_basic, uniq_sigmund
D:3:      layout_basic, first_ration, uniq_grinder
D:4:      layout_loops_cross, old_standard_altar, minmay_temple_entry_mini_moons
D:5:      layout_rooms, enter_ossuary_5, basic_altar, uniq_ijyb
D:6:      minmay_clustersquares, layout_layer_cave, gammafunk_ghost_icy,
          uniq_maggie, uniq_eustachio
D:7:      layout_loops_cross, ebering_ghost_disaster_area, the_bakery,
          serial_bayou_ford_a
D:8:      layout_basic, minmay_diamond_spiral
D:9:      layout_loops_ring, serial_shops, shop, basic_altar, uniq_pikel,
          uniq_psyche
D:10:     layout_loops_ring
D:11:     layout_rooms, minmay_lair_entry_grove, erik_orc_3
Temple:   kilobyte_greek_temple
Lair:1:   layout_small_grid
Lair:2:   layout_loops_ring, nicolae_spider_entry_non_spiders,
          small_statue_intersection, lemuel_fruit_tree, grunt_megastairs_2
Lair:3:   layout_chaotic_city, nicolae_volcano_entry_vermiform,
          lemuel_old_faithful, grunt_megastairs_3
Lair:4:   layout_cave_pods, minmay_shoals_entry_lonely_mermaid, basic_altar,
          minmay_lindwurm_lava, grunt_megastairs_5, lemuel_fruit_fields
Lair:5:   layout_gridlike, dpeg_slime_entry_corner, st_stairs_6,
          serial_bayou_shore_a
Shoals:1: layout_shoals, uniq_louise
Shoals:2: layout_shoals, serial_shops, nicolae_shop_trees, uniq_ilsuiw
Shoals:3: layout_shoals, yaktaur_hedge, uniq_polyphemus, uniq_bai_suzhen,
          uniq_nikola
Shoals:4: shoals_end_grunt_garden, layout_shoals, shoals_ilsuiw_ice

Skill      XL: |  1  2  3  4  5  6  7  8  9 10 11 12 13 14 |
---------------+-------------------------------------------+-----
Axes           | 3 4 5 6 7 9 11 12 14 15 | 15.3
Fighting       | 3 4 5 6 7 8 9 |  9.9
Armour         | 4 5 6 7 8 9 10 11 | 11.6
Shields        | 4 5 6 7 8 9 10 11 | 11.5
Invocations    | 1 2 3 5 7 8 11 13 | 13.3

Action                   |  1- 3 |  4- 6 |  7- 9 | 10-12 | 13-15 || total
-------------------------+-------+-------+-------+-------+-------++-------
Melee: War axe           |    74 |    91 |   238 |    14 |       ||   417
       Broad axe         |       |       |   201 |   787 |   408 ||  1396
Invok: Greater Servant o |       |       |       |       |     1 ||     1
 Abil: Heal Wounds       |     2 |     4 |    20 |     9 |    19 ||    54
  Use: Scroll            |       |       |     8 |     7 |    12 ||    27
       Potion            |       |       |       |       |     3 ||     3
 Stab: Invisible         |       |       |       |     1 |       ||     1
  Eat: Ration            |       |     1 |     1 |     1 |       ||     3
       Chunk             |       |       |     5 |    14 |     5 ||    24
Armor: Scale mail        |    41 |   129 |    25 |       |       ||   195
       Plate armour      |       |       |   245 |   408 |   317 ||   970
       Chain mail        |       |       |       |    80 |    24 ||   104
Dodge: Dodged            |    17 |    46 |   121 |   204 |   162 ||   550
Block: Kite shield       |    45 |    77 |   261 |   558 |   322 ||  1263

Table legend:
 A = Non-vault XP
 B = Vault XP
 C = Vault XP percentage of total XP
 D = Non-vault monster count
 E = Vault monster count
 F = Vault count percentage of total count
                 A         B        C        D         E       F
            +---------+---------+-------+---------+---------+-------
      Total |   54144 |   17646 |  24.6 |     314 |      70 |  18.2
            +---------+---------+-------+---------+---------+-------
        D:1 |      20 |       0 |   0.0 |      11 |       0 |   0.0
        D:2 |      12 |       0 |   0.0 |       5 |       0 |   0.0
        D:3 |      21 |       0 |   0.0 |      12 |       0 |   0.0
        D:4 |     306 |       0 |   0.0 |       9 |       0 |   0.0
        D:5 |     947 |      33 |   3.4 |      33 |       1 |   2.9
        D:6 |     958 |    1256 |  56.7 |      20 |       8 |  28.6
        D:7 |    1283 |     224 |  14.9 |      17 |       1 |   5.6
        D:8 |    1046 |     369 |  26.1 |      18 |       4 |  18.2
        D:9 |    3885 |    1071 |  21.6 |      28 |       2 |   6.7
       D:10 |    1103 |       0 |   0.0 |      28 |       0 |   0.0
       D:11 |    1019 |    1737 |  63.0 |       9 |      13 |  59.1
     Lair:1 |    1222 |       0 |   0.0 |       4 |       0 |   0.0
     Lair:2 |    3358 |     704 |  17.3 |      18 |       9 |  33.3
     Lair:3 |    7983 |    1106 |  12.2 |      24 |       2 |   7.7
     Lair:4 |    4548 |    3212 |  41.4 |      16 |       6 |  27.3
     Lair:5 |    3704 |     417 |  10.1 |      11 |       2 |  15.4
   Shoals:1 |   19534 |     965 |   4.7 |      44 |       1 |   2.2
   Shoals:2 |     844 |       0 |   0.0 |       1 |       0 |   0.0
   Shoals:3 |     903 |       0 |   0.0 |       2 |       0 |   0.0
   Shoals:4 |    1448 |    2605 |  64.3 |       4 |       4 |  50.0
    Volcano |       0 |    3947 | 100.0 |       0 |      17 | 100.0
            +---------+---------+-------+---------+---------+-------
